 Dungeon Crawl Stone Soup version 0.29-a0-214-g17f627cfee (webtiles) character file.

Game seed: 5711810265745102295

109 sammy202020 the Skirmisher (level 4, -1/55 HPs)
             Began as a Demonspawn Berserker on Feb 25, 2022.
             Was a Believer of Trog.
             Slain by a white imp (5 damage)
             ... on level 3 of the Dungeon.
             The game lasted 00:06:17 (2649 turns).

sammy202020 the Skirmisher (Demonspawn Berserker)   Turns: 2649, Time: 00:06:19

Health: -1/55      AC:  5    Str: 18    XL:     4   Next: 60%
Magic:  4/4        EV: 12    Int:  8    God:    Trog [**....]
Gold:   125        SH:  0    Dex: 14    Spells: 3/3 levels left

rFire   . . .      SeeInvis .   a - +0 spear (vorpal)
rCold   . . .      Faith    .   (no shield)
rNeg    . . .      Spirit   .   f - +0 leather armour
rPois   .          Reflect  .   j - +0 hat {Will+}
rElec   .          Harm     .   (no cloak)
rCorr   .          Rampage  .   (no gloves)
Will    +++..                   (no boots)
Stlth   ..........              (no amulet)
HPRegen 1.18/turn               (no ring)
MPRegen 0.09/turn               (no ring)

@: berserking, strong-willed, regenerating, very quick
A: molten scales 1, weakness stinger 1
a: Renounce Religion, Berserk, Trog's Hand


You were on level 3 of the Dungeon.
You worshipped Trog.
Trog was pleased with you.
You visited 1 branch of the dungeon, and saw 3 of its levels.

You collected 125 gold pieces.

Inventory:

Hand Weapons
 a - a +0 vorpal spear (weapon)
Armour
 b - a +0 animal skin
 f - a +0 leather armour (worn)
 j - a +0 hat of willpower (worn)
Wands
 h - a wand of paralysis (8)
Scrolls
 e - a scroll of immolation {unknown}
 i - a scroll of teleportation {unknown}
 k - a scroll of magic mapping {unknown}
Potions
 c - a potion of haste {unknown}
 d - 2 potions of curing {unknown}
 g - a potion of cancellation {unknown}


   Skills:
 + Level 3.7 Fighting
 + Level 3.3 Polearms
 + Level 2.7 Armour
 + Level 2.6 Dodging


You had 3 spell levels left.
You didn't know any spells.
Your spell library was empty.

Dungeon Overview and Level Annotations

Branches:
Dungeon (3/15)

Altars:


Innate Abilities, Weirdness & Mutations

You are partially covered in molten scales. (AC +2)
You have a small tail.


Message History

You hit the white imp but do no damage.
You tail-slap the white imp, but do no damage.
The white imp is severely wounded.
The white imp gestures at you. The puff of frost hits you.
You closely miss the white imp.
The white imp is severely wounded.
You hit the white imp but do no damage.
Your tail-slap misses the white imp.
The white imp is severely wounded.
The white imp barely misses you.
You hit the white imp but do no damage.
The white imp is severely wounded.
The white imp hits you. The white imp freezes you.
You hit the white imp but do no damage.
The white imp is severely wounded.
The white imp closely misses you.
You barely miss the white imp.
The white imp is severely wounded.
The white imp hits you. The white imp freezes you.
You completely miss the white imp.
The white imp is severely wounded.
The white imp hits you but does no damage.
You closely miss the white imp.
The white imp is severely wounded.
The white imp gestures at you. The puff of frost hits you.
* * * LOW HITPOINT WARNING * * *
You closely miss the white imp.
The white imp is severely wounded.
The white imp gestures at you. The puff of frost hits you!
* * * LOW HITPOINT WARNING * * *
Your skin crawls.
You feel strong-willed. The white imp closely misses you.
A red film seems to cover your vision as you go berserk!
You feel yourself moving faster!
You feel mighty! The white imp hits you.
* * * LOW HITPOINT WARNING * * *
The white imp freezes you.
You die...

### #.### .####
#...
......###.###
......5@....#
#.#..####.#.#
.<. #.# #
..####.#
.....#.########
..##..........#
...#...#####.##
##.##....# #.#
...#....# #.#


You could see a white imp.

Vanquished Creatures
  4 adders
  2 worms (D:3)
  A dart slug (D:2)
  An orc (D:3)
  8 ball pythons
  6 bats
  5 endoplasms
  2 giant cockroaches
  4 hobgoblins
  6 kobolds
  8 quokkas
  A frilled lizard (D:2)
  5 goblins
  7 rats
60 creatures vanquished.

Vanquished Creatures (others)
  7 toadstools (D:1)
7 creatures vanquished.

Grand Total: 67 creatures vanquished

Notes
Turn   | Place    | Note
-------+----------+-------------------------------------------
     0 | D:1      | sammy202020 the Demonspawn Berserker began the quest for
                  | the Orb.
     0 | D:1      | Reached XP level 1. HP: 18/18 MP: 1/1
   375 | D:1      | Gained mutation: You are partially covered in molten
                  | scales. (AC +2) [demonic ancestry]
   375 | D:1      | Reached XP level 2. HP: 24/24 MP: 2/2
   413 | D:1      | Found a faded altar of an unknown god.
   719 | D:1      | Reached ** piety under Trog
   940 | D:1      | Reached XP level 3. HP: 28/29 MP: 3/3
  1743 | D:2      | Identified the +0 robe of the Exiled Nights {rElec Str+2}
  1836 | D:2      | Gained mutation: You have a small tail. [demonic ancestry]
  1836 | D:2      | Reached XP level 4. HP: 35/35 MP: 4/4
  2649 | D:3      | Slain by a white imp

Illustrated notes

Levels and vault maps discovered:
D:1:      nagdon_arrival_double_spiral, layout_basic,
          shapermc_ecumenical_altar_mp_urbaneastern
D:2:      layout_basic
D:3:      minmay_recursive_quarters, layout_basic, nicolae_ashenzari_skybound,
          st_stairs_14, kennysheep_generic_room_14

Skill      XL: |  1  2 |
---------------+-------+-----
Armour         | 2 |  2.7
Dodging        | 2 |  2.6
Polearms       | 3 |  3.3
Fighting       | |  3.7

Action                   |  1- 3 |  4- 6 || total
-------------------------+-------+-------++-------
Melee: Spear             |   142 |    66 ||   208
       Tailslap          |       |     9 ||     9
       Punch             |       |     1 ||     1
Invok: Berserk           |       |     1 ||     1
       Trog's Hand       |       |     1 ||     1
  Use: Scroll            |     2 |       ||     2
 Stab: Sleeping          |     4 |       ||     4
Armor: Animal skin       |    11 |       ||    11
       Leather armour    |    13 |    12 ||    25
Dodge: Dodged            |    49 |    38 ||    87

Table legend: (Time is in decaauts)
 A = Elapsed time spent in this place.
 B = Non-inter-level travel time spent in this place.
 C = Inter-level travel time spent in this place.
 D = Time resting spent in this place.
 E = Time spent auto-exploring this place.
 F = Levels seen in this place.
 G = Mean time per level.
                   A        B        C        D        E       F      G
               +--------+--------+--------+--------+--------+-----+--------+
         Total |   2675 |   2608 |     67 |      0 |   2191 |   3 |  891.7 |
       Dungeon |   2675 |   2608 |     67 |      0 |   2191 |   3 |  891.7 |
               +--------+--------+--------+--------+--------+-----+--------+

Top non-repeatable levels by time:
     D:2: 1136 daAuts
     D:1: 1043 daAuts
     D:3: 495 daAuts
